 Dungeon Crawl Stone Soup version 0.29.1-15-g9cfb28693d (webtiles) character file.

Game seed: 10292542753463253428

81 tizbic2 the Shooter (level 4, -2/60 HPs)
             Began as a Minotaur Hunter on Apr 22, 2023.
             Was an Initiate of Okawaru.
             Slain by an orc warrior
             ... wielding a +0 long sword
              (4 damage)
             ... on level 4 of the Dungeon.
             The game lasted 00:07:51 (2240 turns).

tizbic2 the Shooter (Minotaur Hunter)               Turns: 2240, Time: 00:07:51

Health: -2/60      AC: 22    Str: 15    XL:     4   Next: 20%
Magic:  3/3        EV:  2    Int: 12    God:    Okawaru [......]
Gold:   169        SH:  0    Dex: 16    Spells: 3/3 levels left

rFire   . . .      SeeInvis .   a - +0 mace
rCold   . . .      Faith    .   (no shield)
rNeg    . . .      Spirit   .   (body armour currently unavailable)
rPois   +          Reflect  .   (helmet currently unavailable)
rElec   .          Harm     .   (cloak currently unavailable)
rCorr   .          Rampage  .   (gloves currently unavailable)
Will    .....      Clarity  +   (boots currently unavailable)
Stlth   ++........ NoTele   +   (no amulet)
HPRegen 0.20/turn               d - ring of flight
MPRegen 0.08/turn               s - +6 ring of intelligence

@: tree-form
A: stationary, stasis, torment immunity, boosted hp, (horns 2), (retaliatory
headbutt), (iridescent scales 1), clarity, MP-powered wands
a: Renounce Religion


You were on level 4 of the Dungeon.
You worshipped Okawaru.
Okawaru was noncommittal.
You were a tree.
You visited 1 branch of the dungeon, and saw 4 of its levels.

You collected 169 gold pieces.

Inventory:

Hand Weapons
 a - a +0 mace (weapon)
 w - a +0 shortbow
Armour
 c - a +0 leather armour
 e - a +0 ring mail
 j - a +0 scale mail (melded)
 q - a +0 pair of gloves (melded)
Jewellery
 d - a ring of flight (left branch)
 s - a +6 ring of intelligence (right branch)
Scrolls
 b - a scroll of immolation
 k - 2 scrolls of magic mapping {unknown}
 n - a scroll of blinking
 o - a scroll of enchant weapon {unknown}
Potions
 h - 2 potions of lignification
 i - a potion of curing
 l - a potion of might
 m - a potion of brilliance
 p - a potion of flight {unknown}


   Skills:
 + Level 3.6 Fighting
 * Level 5.7 Ranged Weapons
 - Level 2.1 Dodging
 - Level 0.7 Stealth


You had 3 spell levels left.
You didn't know any spells.
Your spell library contained the following spells:

 Spells                   Type           Power      Damage    Failure   Level
 Poisonous Vapours        Pois/Air       0%         N/A       45%         2
 Corpse Rot               Necr/Pois/Air  0%         N/A       97%         4
 Freezing Cloud           Conj/Ice/Air   0%         6-21      100%        5
 Polar Vortex             Ice            0%         N/A       100%        9
 Simulacrum               Ice/Necr       Unusable   N/A       N/A         6

Dungeon Overview and Level Annotations

Branches:
Dungeon (4/15)
 Temple: D:4-7

Altars:
Fedhas
Hepliaklqana
Okawaru
Vehumet

Annotations:
D:3 exclusion: statue


Innate Abilities, Weirdness & Mutations

You are a tree.
Your roots penetrate the ground, keeping you stationary.
You cannot be teleported.
You are immune to unholy pain and torment.
Your maximum health is greatly increased.
Your equipment is partially melded.
((You have a pair of horns on your head.))
((You reflexively headbutt those who attack you in melee.))
((You are partially covered in iridescent scales. (AC +2)))
You possess an exceptional clarity of mind.
You expend magic power (3 MP) to strengthen your wands.


Message History

The boomerang hits you.
* * * LOW HITPOINT WARNING * * *
The orc wizard hits you with a +0 dagger.
* * * LOW HITPOINT WARNING * * *
a - a +0 mace (weapon)
The orc hits you but does no damage.
The orc wizard hits you but does no damage.
You hit the orc wizard but do no damage.
The orc warrior throws a boomerang.
The boomerang barely misses you. The orc hits you but does no damage.
The orc wizard hits you but does no damage.
You barely miss the orc. The orc hits you but does no damage.
The orc wizard casts a spell at you.
The magic dart hits you but does no damage.
The orc hits you with a +0 short sword.
* * * LOW HITPOINT WARNING * * *
The orc warrior hits you but does no damage.
The orc wizard hits you but does no damage.
You hit the orc wizard but do no damage.
The orc barely misses you.
The orc wizard hits you but does no damage.
The orc warrior hits you but does no damage.
You thump the orc wizard!
The orc wizard is heavily wounded.
The orc warrior hits you but does no damage.
The orc priest calls upon Beogh to heal something.
The orc hits you but does no damage.
The orc wizard hits you but does no damage.
You barely miss the orc wizard.
The orc wizard is heavily wounded.
The orc warrior hits you but does no damage.
The orc hits you but does no damage.
The orc wizard hits you but does no damage.
The orc warrior hits you but does no damage.
The orc hits you but does no damage.
The orc wizard hits you but does no damage.
You sock the orc wizard!
The orc wizard is almost dead.
The orc warrior hits you with a +0 long sword.
You die...

..# ..# ..## (...
..8 ... # .. o..
#.###.# oo
#...oo####.######
#.♣............
#o####.......#
#S# #o.#.# #o#
#....# #o#
#o.#.#.# #.#
#......# #o##
#o##.###
#o.####.# .#
##.##o(.# #


You could see 2 orc warriors, an orc priest, 2 orc wizards, 2 orcs and a ball
python.

Vanquished Creatures
  6 adders
  2 dart slugs
  An orc (D:4)
  A ball python (D:1)
  2 endoplasms
  A giant cockroach (D:2)
  A goblin (D:2)
  3 hobgoblins
  2 kobolds (D:3)
  A quokka (D:2)
  2 bats (D:1)
  A rat (D:2)
23 creatures vanquished.

Notes
Turn   | Place    | Note
-------+----------+-------------------------------------------
     0 | D:1      | tizbic2 the Minotaur Hunter began the quest for the Orb.
     0 | D:1      | Reached XP level 1. HP: 18/18 MP: 0/0
   305 | D:1      | Found a faded altar of an unknown god.
   378 | D:1      | Reached XP level 2. HP: 22/25 MP: 1/1
   758 | D:2      | Reached skill level 5 in Ranged Weapons
   904 | D:2      | Reached XP level 3. HP: 31/31 MP: 2/2
  1002 | D:2      | Gained mutation: You are partially covered in iridescent
                  | scales. (AC +2) [potion of mutation]
  1002 | D:2      | Gained mutation: You possess an exceptional clarity of
                  | mind. [potion of mutation]
  1002 | D:2      | Gained mutation: You expend magic power (3 MP) to
                  | strengthen your wands. [potion of mutation]
  1349 | D:3      | Reached XP level 4. HP: 14/39 MP: 3/3
  1607 | D:3      | Found a blossoming altar of Fedhas.
  1612 | D:3      | Found an iron altar of Okawaru.
  1618 | D:3      | Became a worshipper of Warmaster Okawaru
  1717 | D:3      | Found a hazy altar of Hepliaklqana.
  1830 | D:3      | Found a radiant altar of Vehumet.
  1832 | D:3      | Noticed a charred statue
  2208 | D:4      | Noticed an orc warrior
  2228 | D:4      | Noticed an orc warrior
  2233 | D:4      | HP: 3/60 [orc wizard/+0 dagger (3)]
  2236 | D:4      | HP: 1/60 [orc/+0 short sword (2)]
  2240 | D:4      | Slain by an orc warrior

Illustrated notes

Levels and vault maps discovered:
D:1:      minmay_arrival_doors, layout_loops_cross,
          dreamdust_ecumenical_altar_hidden_monk_grotto,
          minmay_misc_feat_pillars
D:2:      layout_basic, minmay_hexomino_f4
D:3:      layout_rooms, mainiacjoe_overflow_surrounded_room, vehumet_statue,
          nicolae_overflow_squiral, serial_glass, glass_columns_b,
          glass_columns_c
D:4:      layout_loops_ring, mainiacjoe_overflow_six_doors_small,
          mainiacjoe_overflow_tiny_flanked, serial_shops, shop,
          guppyfry_early_orc_mine

Skill      XL: |  1  2 |
---------------+-------+-----
Fighting       | 3 |  3.6
Ranged Weapons | 5 |  5.7
Dodging        | |  2.1
Stealth        | |  0.7

Action                   |  1- 3 |  4- 6 || total
-------------------------+-------+-------++-------
Melee: Unarmed           |     4 |       ||     4
       Mace              |     6 |     6 ||    12
 Fire: Shortbow          |    60 |    26 ||    86
  Use: Scroll            |     3 |     5 ||     8
       Potion            |     1 |     1 ||     2
Armor: Ring mail         |     3 |       ||     3
       Scale mail        |    39 |     5 ||    44
       Skin              |       |    19 ||    19
Dodge: Dodged            |    41 |     8 ||    49
